AoeStats
← GRIFOLYON

MegaRandom

509784896Analyzed
3v3 RM · 5d ago on Sep 28, 2026· 43m 40s· 6 players
Game mode
Random Map
Map size
Normal (6 player)
Population
200
Speed
Normal
Resources
Standard
Victory
Conquest
Starting age
Dark Age
Ending age
Imperial Age
RankedLock teamsTeams togetherTeam positionsShared explorationLock speedFull tech treeHidden civsTurbo modeCheats
Victory
Defeat
🇨🇴 Saracens · Colombia
805
+17
🇨🇴 Varangians · Colombia
797
+17
🇨🇴 Tatars · Colombia
789
+18
🇺🇸 Maya · United States
864
-19
🇲🇽 Teutons · Mexico
845
-18
🇲🇽 Spanish · Mexico
766
-15
H3LIOS1234
7:34 Loom
9:37 Feudal Age
10:40 Double-Bit Axe
10:37 Horse Collar
17:09 Bloodlines
21:58 Castle Age
19:53 Fletching
22:43 Wheelbarrow
22:33 Padded Archer Armor
23:27 Gold Mining
23:50 Bow Saw
26:10 Stone Mining
27:07 Bodkin Arrow
31:14 Scale Barding Armor
35:32 Silk Armor
36:00 Heavy Plow
36:51 Murder Holes
40:08 Imperial Age
38:47 Husbandry
40:33 Gold Shaft Mining
40:33 Ballistics
40:39 Heavy Cavalry Archer
xXKaNonXx
12:01 Feudal Age
10:17 Loom
12:55 Double-Bit Axe
16:40 Bloodlines
19:45 Castle Age
18:01 Bloodlines
17:59 Scale Barding Armor
18:07 Fishing Lines
19:15 Forging
18:57 Horse Collar
20:33 Wheelbarrow
20:54 Husbandry
21:14 Heavy Plow
22:07 Gillnets
24:26 Scale Mail Armor
24:49 Chain Barding Armor
25:04 Gold Mining
25:05 Stone Mining
29:24 Hand Cart
32:23 Bow Saw
33:23 Town Watch
36:37 Imperial Age
33:57 Vendel Legacy
35:10 Careening
34:59 Murder Holes
35:25 Ballistics
36:41 Iron Casting
38:28 Plate Barding Armor
38:53 Blast Furnace
37:45 Cavalier
41:34 Crop Rotation
_szbastian_
7:07 Loom
10:51 Feudal Age
11:49 Double-Bit Axe
17:10 Horse Collar
18:58 Bloodlines
19:21 Forging
22:55 Scale Barding Armor
25:36 Castle Age
23:54 Padded Archer Armor
23:55 Fletching
27:46 Elite Skirmisher
29:33 Bodkin Arrow
29:39 Padded Archer Armor
34:35 Leather Archer Armor
34:48 Husbandry
36:22 Bow Saw
37:26 Iron Casting
36:54 Heavy Plow
40:16 Wheelbarrow
43:34 Imperial Age
42:30 Hand Cart
GabrielLeal16
11:05 Feudal Age
12:38 Wheelbarrow
11:57 Loom
17:48 Double-Bit Axe
18:42 Scale Mail Armor
22:14 Castle Age
30:07 Hand Cart
29:38 Town Watch
35:23 Padded Archer Armor
35:13 Fletching
36:00 Horse Collar
36:34 Bow Saw
36:17 Stone Mining
36:18 Gold Mining
36:35 Town Patrol
37:42 Eagle Warrior
38:08 Arson
38:24 Squires
GRIFOLYON
12:43 Feudal Age
13:36 Double-Bit Axe
20:08 Castle Age
19:15 Stone Mining
21:15 Medium Warships
24:10 Wheelbarrow
24:05 Bow Saw
38:41 Horse Collar
gabmtzf23
9:05 Loom
10:52 Feudal Age
15:17 Castle Age
14:32 Double-Bit Axe
18:05 Forging
17:39 Pikeman
20:04 Wheelbarrow
20:44 Fletching
21:08 Horse Collar
21:49 Town Watch
22:06 Stone Mining
23:39 Crossbowman
24:25 Man-at-Arms
27:25 Town Patrol
36:29 Hand Cart
Connection lost

Rejoining the realm…

Still unreachable

The connection could not be restored.

Session expired

The server has moved on; the page needs a fresh start.